 Dungeon Crawl Stone Soup version 0.31-a0-187-gba352fbbf7 (webtiles) character file.

Game seed: 10454123996828627075

523 qw the Skirmisher (level 7, -5/40 HPs)
             Began as a Deep Elf Hunter on June 22, 2023.
             Slain by a wight
             ... wielding a +0 great sword
              (9 damage)
             ... on level 4 of the Dungeon.
             The game lasted 00:01:11 (3201 turns).

qw the Skirmisher (Deep Elf Hunter)                 Turns: 3201, Time: 00:01:12

Health: -5/40      AC:  4    Str: 10    XL:     7   Next: 2%
Magic:  9/9        EV: 13    Int: 14    God:
Gold:   116        SH:  0    Dex: 18    Spells: 6/6 levels left

rFire   . . .        Y - +1 shortbow (flame)
rCold   . . .        (shield currently unavailable)
rNeg    . . .        c - +0 leather armour
rPois   .            (no helmet)
rElec   .            (no cloak)
rCorr   .            a - +0 pair of gloves
SInv    .            (no boots)
Will    .....        (no amulet)
Stlth   ++           (no ring)
HPRegen 0.26/turn    (no ring)
MPRegen 0.11/turn

%: no passive effects
@: no status effects
A: no striking features
a: no special abilities


You were on level 4 of the Dungeon.
You visited 1 branch of the dungeon, and saw 4 of its levels.
You also visited: Sewer.

You collected 142 gold pieces.
You spent 26 gold pieces at shops.


   Skills:
 - Level 2.0 Fighting
 + Level 10.3 Ranged Weapons
 - Level 4.0 Dodging
 - Level 1.2 Stealth


You had 6 spell levels left.
You didn't know any spells.
Your spell library was empty.

Inventory:

Hand Weapons
 Y - a +1 shortbow of flaming (weapon)
Armour
 a - a +0 pair of gloves (worn)
 c - a +0 leather armour (worn)
Jewellery
 i - a ring of protection from cold
Scrolls
 d - a scroll of identify
Potions
 b - a potion of mutation
 e - a potion of curing
 f - a potion of cancellation {unknown}
 g - a potion of degeneration {unknown}
 h - a potion of attraction {unknown}

Dungeon Overview and Level Annotations

Branches:
Dungeon (4/15)              Sewer (visited)
 Temple: D:4-7

Altars:

Shops:
D:1 ?

Annotations:
D:2 1 runed translucent door, Crazy Yiuf


Message History

a +0 war axe; a +0 robe You open the door.
An adder comes into view.
The adder hisses angrily.
You shoot an arrow. The arrow barely misses the adder.
The adder bites you but does no damage.
You shoot an arrow. The arrow barely misses the adder.
The adder bites you.
You shoot an arrow. The arrow hits the adder!
The arrow burns the adder.
You kill the adder!
Your Dodging skill increases to level 4!
You start resting.
HP restored.
There is an open door, spattered with blood here.
You see here an adder corpse.
There is an open door, spattered with blood here.
You see here an adder corpse. 2 wights come into view.
You shoot an arrow. The arrow hits the wight.
The arrow burns the wight.
The wight is moderately damaged.
A wight comes into view. It is wielding a +0 great sword.
You shoot an arrow. The arrow hits the wight.
The arrow burns the wight.
The wight is heavily damaged.
You shoot an arrow. The arrow hits the wight.
The arrow burns the wight.
The wight is almost destroyed.
The wight hits you with a +2 falchion!
You feel drained.
You shoot an arrow. The arrow barely misses the wight.
The arrow closely misses the wight.
The wight hits you with a +2 falchion!
You shoot an arrow. The arrow hits the wight.
The arrow burns the wight.
You destroy the wight!
Your life force feels restored.
You have reached level 7!
You shoot an arrow. The arrow barely misses the wight.
The wight closely misses you.
The wight hits you with a +0 great sword!
You shoot an arrow.
The arrow hits the wight but does no damage.
The wight hits you with a +0 great sword!
You die...

## #.. +..#####
.....# ....#
#####..#
##..##.z##
#...#..z@#
#...#...##
#...%...##
#...#..(.#
##..#....#
##### ##+##).##
#....##..##..##
#.............#
#....<........#


You could see 2 wights.

Vanquished Creatures
  2 bullfrogs (Sewer)
  2 wights (D:4)
  An orc priest (D:3)
  Jessica (D:2)
  An iguana (D:2)
  An orc wizard (D:3)
  A gnoll (D:1)
  6 adders
  3 worms
  3 dart slugs
  7 orcs (D:3)
  11 endoplasms
  11 giant cockroaches
  3 goblins
  4 hobgoblins
  9 jackals
  4 kobolds
  6 quokkas (Sewer)
  7 ball pythons
  4 bats
  12 frilled lizards
  12 rats
111 creatures vanquished.

Notes
Turn   | Place    | Note
-------+----------+-------------------------------------------
     0 | D:1      | qw the Deep Elf Hunter began the quest for the Orb.
     0 | D:1      | Reached XP level 1. HP: 12/12 MP: 3/3
     0 | D:1      | 0 ||| qw: Version: 0.3-a-9-g12657ce
     0 | D:1      | 0 ||| qw: Game counter: 2346
     0 | D:1      | 0 ||| qw: Always use a shield: true
     0 | D:1      | 0 ||| qw: God list: Okawaru
     0 | D:1      | 0 ||| qw: Allow faded altars: false
     0 | D:1      | 0 ||| qw: Do Orc after D:15 true
     0 | D:1      | 0 ||| qw: Do second Lair branch before Depths: true
     0 | D:1      | 0 ||| qw: Lair rune preference: random
     0 | D:1      | 0 ||| qw: Plans: Normal
     0 | D:1      | 0 ||| PLANNING D:1-11
    60 | D:1      | Reached skill level 6 in Ranged Weapons
    60 | D:1      | Reached XP level 2. HP: 16/16 MP: 4/4
   310 | D:1      | Reached XP level 3. HP: 20/20 MP: 5/5
   447 | D:1      | Found Teurug's Magic Scroll Shoppe.
   455 | D:1      | 455 ||| BUYING scroll of identify (26 gold).
   455 | D:1      | Bought a scroll of identify for 26 gold pieces
   455 | D:1      | 455 ||| SHOPLISTING scroll of identify (26 gold, have 10).
   513 | D:1      | 513 ||| READING scroll labelled QUVEIS LARO.
   514 | D:1      | 514 ||| READING scroll labelled FEGIRENIEH.
   515 | D:1      | 515 ||| READING scroll labelled NOAHIUFFOCZA.
   516 | D:1      | 516 ||| READING 2 scrolls of identify.
   516 | D:1      | 516 ||| IDENTIFYING blue potion
   517 | D:1      | 517 ||| DROPPING scroll of butterflies.
   559 | D:2      | 559 ||| STAIRDANCE
   613 | D:2      | Reached skill level 7 in Ranged Weapons
  1015 | D:2      | Identified the +8 spear "Mud Pie of Death" {heavy, rElec
                  | Dex+3 Stlth+}
  1055 | D:2      | Reached XP level 4. HP: 25/25 MP: 6/6
  1220 | D:2      | Found a runed translucent door.
  1221 | D:2      | Noticed Crazy Yiuf
  1262 | D:2      | Reached skill level 8 in Ranged Weapons
  1268 | D:2      | Noticed Jessica
  1272 | D:2      | Killed Jessica
  1416 | D:2      | 1416 ||| UPGRADING to +0 pair of gloves.
  1421 | D:2      | 1421 ||| READING 2 scrolls labelled GEMNEG GOISH.
  1422 | D:2      | 1422 ||| DROPPING scroll of immolation.
  1468 | D:3      | 1468 ||| PLANNING SEWER
  1531 | D:3      | Reached XP level 5. HP: 29/29 MP: 7/7
  1772 | D:3      | 1772 ||| DRINKING potion of curing.
  1772 | D:3      | 1772 ||| (to cure confusion)
  1780 | D:3      | Reached skill level 9 in Ranged Weapons
  1944 | D:3      | Found a glowing drain.
  1945 | D:3      | 1945 ||| DROPPING ring of flight.
  1962 | Sewer    | Entered a sewer
  1982 | Sewer    | Reached skill level 3 in Dodging
  2100 | Sewer    | 2100 ||| Stepping ~*~*~tactically~*~*~ (water).
  2123 | Sewer    | 2123 ||| Stepping ~*~*~tactically~*~*~ (water).
  2146 | Sewer    | Reached XP level 6. HP: 35/35 MP: 8/8
  2222 | Sewer    | Reached skill level 10 in Ranged Weapons
  2290 | Sewer    | Identified the +6 chain mail of Pobrekkusk {rElec rN+
                  | Str+3}
  2480 | Sewer    | 2480 ||| READING scroll labelled WUCKEN RUROUL.
  2500 | D:3      | 2500 ||| PLANNING D:1-11
  2703 | D:3      | Found a faded altar of an unknown god.
  3053 | D:3      | 3053 ||| READING 2 scrolls of identify.
  3053 | D:3      | 3053 ||| IDENTIFYING metallic green potion
  3200 | D:4      | Reached XP level 7. HP: 15/40 MP: 9/9
  3200 | D:4      | HP: 4/40 [wight/+0 great sword (11)]
  3201 | D:4      | Slain by a wight

Levels and vault maps discovered:
D:1:      dpeg_arrival_court, layout_rooms, serial_shops,
          nicolae_shop_competitors_out_of_business,
          chequers_serial_rivers_micro_c
D:2:      layout_basic, uniq_crazy_yiuf_cottage, uniq_jessica
D:3:      layout_loops_corners, chequers_ecumenical_altar_simple,
          cheibrodos_sewer_entry_bend, serial_bayou_crossing
D:4:      layout_gridville, chequers_serial_rivers_micro_c,
          grunt_decor_resistance

Skill      XL: |  1  2  3  4  5  6 |
---------------+-------------------+-----
Ranged Weapons | 6 7 8 9 10 | 10.3
Dodging        | 3 4 |  4.0
Fighting       | 2 |  2.0
Stealth        | |  1.2

Action                     |  1- 3 |  4- 6 |  7- 9 || total
---------------------------+-------+-------+-------++-------
   Fire: Shortbow          |   107 |   179 |     2 ||   288
    Use: Scroll            |     4 |     3 |       ||     7
         Potion            |       |     1 |       ||     1
 Armour: Leather armour    |    10 |    15 |       ||    25
  Dodge: Dodged            |    30 |    27 |     1 ||    58

Table legend:
 A = Non-vault XP
 B = Vault XP
 C = Vault XP percentage of total XP
 D = Non-vault monster count
 E = Vault monster count
 F = Vault count percentage of total count
                 A         B        C        D         E       F
            +---------+---------+-------+---------+---------+-------
      Total |     448 |     300 |  40.1 |      84 |      27 |  24.3
            +---------+---------+-------+---------+---------+-------
        D:1 |      58 |       0 |   0.0 |      28 |       0 |   0.0
        D:2 |      96 |      37 |  27.8 |      29 |       1 |   3.3
        D:3 |     137 |      10 |   6.8 |      24 |       2 |   7.7
        D:4 |     157 |       0 |   0.0 |       3 |       0 |   0.0
      Sewer |       0 |     253 | 100.0 |       0 |      24 | 100.0
            +---------+---------+-------+---------+---------+-------
